 Dungeon Crawl Stone Soup version 0.19.1 (webtiles) character file.

1082 Gargoyl the Covered (level 8, -1/68 HPs)
             Began as a Ghoul Abyssal Knight on Dec 27, 2016.
             Was a Priest of Lugonu.
             Slain by an orc warrior
             ... wielding a +0 morningstar
              (20 damage)
             ... on level 6 of the Dungeon.
             The game lasted 00:12:12 (6340 turns).

Gargoyl the Covered (Ghoul Abyssal Knight)          Turns: 6340, Time: 00:12:12

Health: -1/68      AC: 18    Str: 16    XL:     8   Next: 30%
Magic:  10/10      EV:  5    Int:  7    God:    Lugonu [***...]
Gold:   318        SH:  0    Dex: 10    Spells: 0 memorised, 7 levels left

rFire  . . .     SeeInvis +     i - +1 war axe
rCold  + + .     Gourm    .     h - +2 plate armour {MR+}
rNeg   + + +     Faith    .     (no shield)
rPois  ∞         Spirit   .     v - +2 helmet
rElec  .         Reflect  .     (no cloak)
rCorr  .         Harm     .     g - +0 pair of gloves
MR     +....                    (no boots)
Stlth  ..........               (no amulet)
                                k - ring of see invisible
                                t - ring of protection from cold

@: rotting
A: rotting body, claws 1, carnivore 3, cold resistance 1, negative energy
resistance 3, slow regeneration 1, torment resistance, unbreathing
a: Depart the Abyss, Bend Space, Banish, Renounce Religion


You were on level 6 of the Dungeon.
You worshipped Lugonu.
Lugonu was most pleased with you.
You were not hungry.

You visited 1 branch of the dungeon, and saw 7 of its levels.
You visited the Abyss 1 time.

You collected 318 gold pieces.

Inventory:

Hand Weapons
 a - a +1 hand axe
 i - a +1 war axe (weapon)
 n - a +0 war axe
 y - a +0 trident
Missiles
 w - 2 tomahawks (quivered)
Armour
 g - a +0 pair of gloves (worn)
 h - a +2 plate armour of magic resistance (worn)
 v - a +2 helmet (worn)
Jewellery
 f - an uncursed ring of resist corrosion
 k - a ring of see invisible (right hand)
 m - a +6 ring of strength {unknown}
 t - a ring of protection from cold (left hand)
Wands
 b - a wand of iceblast (3/15)
 A - a wand of lightning (3/15)
Scrolls
 d - 3 scrolls of remove curse
 j - a scroll of teleportation
 u - a scroll of identify
Potions
 e - 2 potions of haste
 l - a potion of experience {unknown}
 o - 2 potions of curing
 p - a potion of mutation {unknown}
 q - a potion of resistance
 r - a potion of magic {unknown}
 z - a potion of lignification {unknown}
 B - a potion of berserk rage {unknown}
Comestibles
 c - 8 meat rations
 s - a slice of pizza
 x - 3 beef jerkies


   Skills:
 + Level 5.0 Fighting
 + Level 4.9 Axes
 * Level 5.3 Armour
 + Level 1.6 Dodging
 * Level 4.9 Invocations


You had 7 spell levels left.
You didn't know any spells.

Dungeon Overview and Level Annotations

Branches:
Dungeon (7/15)             Temple (0/1) D:6

Altars:
Okawaru
Xom
The Shining One


Innate Abilities, Weirdness & Mutations

Your body is rotting away.
You thrive on raw meat.
You are immune to poison.
You have sharp fingernails.
You are carnivorous and can eat meat at any time.
Your flesh is cold resistant. (rC+)
You are immune to negative energy. (rN+++)
You regenerate slowly when monsters are visible.
You are immune to unholy pain and torment.
You can survive without breathing.


Message History

The orc warrior hits you but does no damage.
Unknown command.
You slash the orc priest!
You kill the orc priest!
Lugonu accepts your kill.
You closely miss the orc priest. You hit the orc warrior.
The orc priest hits you but does no damage.
The orc warrior hits you with a morningstar!
The orc priest hits you but does no damage.
The orc priest calls down the wrath of Beogh upon you.
Beogh smites you!
* * * LOW HITPOINT WARNING * * *
The orc warrior hits you but does no damage.
You see here a short sword.
You closely miss the orc warrior.
The orc warrior is lightly wounded.
You hit the orc priest.
The orc priest hits you but does no damage.
The orc warrior hits you with a morningstar!!
You die...

.#........# #^.#.#.####.#.####.#
..........# ##.#.#.#..#.#......#
.#........# #.#.#.#..#.........
.#........# #.#.#.#..#..#######
.##############...#.#<..........#
.# #....#..#.###########.# .#
####....#..#.............# .#
#.......#oo############### .#
#.......#@># #... .# #.......##.#
###.## .# #.......##.# #.).<# ##
#...>...##.# #.##.# #.......##.#
#.#..# #.......##.# #.#..#
########.......##.# #.....
#..............##'## #.....
#..................# #.....


You could see an orc warrior and an orc priest.

Vanquished Creatures
  Grinder (D:3)
  A dream sheep (D:3)
  A centaur (D:5)
  A wyvern zombie (D:6)
  A scorpion (D:4)
  2 orc wizards
  A centaur skeleton (D:5)
  2 orc priests
  Ijyb (D:3)
  2 iguanas
  4 worker ants
  6 gnolls
  8 adders
  A shadow imp (D:6)
  An ooze (D:5)
  An adder zombie (D:5)
  2 adder skeletons
  2 worms (D:2)
  3 dart slugs
  3 leopard geckos
  23 orcs
  11 bats
  4 giant cockroaches
  7 goblins
  8 hobgoblins
  6 jackals
  4 kobolds
  6 quokkas
  2 ball pythons (D:1)
  4 frilled lizards
  A quokka skeleton (D:4)
  24 rats
144 creatures vanquished.

Vanquished Creatures (others)
  4 dream sheep (D:3)
  2 crimson imps
6 creatures vanquished.

Grand Total: 150 creatures vanquished

Notes
Turn   | Place    | Note
-------+----------+-------------------------------------------
     0 | Abyss:1  | Gargoyl the Ghoul Abyssal Knight began the quest for the Orb.
     0 | Abyss:1  | Reached XP level 1. HP: 19/19 MP: 1/1
    71 | Abyss:2  | Noticed a starcursed mass
    73 | D:1      | Escaped the Abyss
   125 | D:1      | Reached XP level 2. HP: 23/27 MP: 2/2
   138 | D:1      | Reached * piety under Lugonu
   186 | D:1      | Reached skill level 1 in Dodging
   478 | D:1      | Reached XP level 3. HP: 31/33 MP: 3/3
  1323 | D:2      | Reached XP level 4. HP: 40/40 MP: 4/4
  1326 | D:2      | Reached ** piety under Lugonu
  1570 | D:2      | Found a faded altar of an unknown god.
  1624 | D:2      | Reached XP level 5. HP: 42/46 MP: 6/6
  2194 | D:3      | Found a glowing golden altar of the Shining One.
  2273 | D:3      | Noticed Ijyb
  2321 | D:3      | Killed Ijyb
  2742 | D:3      | Noticed Grinder
  2752 | D:3      | Paralysed by Grinder for 7 turns
  2771 | D:3      | Killed Grinder
  2771 | D:3      | Reached XP level 6. HP: 16/53 MP: 7/7
  3122 | D:3      | Found a shimmering altar of Xom.
  3122 | D:3      | Noticed a dream sheep
  3122 | D:3      | Noticed a dream sheep
  3122 | D:3      | Noticed a dream sheep
  3122 | D:3      | Noticed a dream sheep
  3122 | D:3      | Noticed a dream sheep
  3126 | D:3      | Killed a dream sheep
  3126 | D:3      | Killed a dream sheep
  3126 | D:3      | Reached XP level 7. HP: 60/60 MP: 8/8
  3127 | D:3      | Killed a dream sheep
  3127 | D:3      | Killed a dream sheep
  3127 | D:3      | Killed a dream sheep
  3280 | D:3      | Reached *** piety under Lugonu
  4533 | D:5      | Entered Level 5 of the Dungeon
  4872 | D:5      | Reached skill level 5 in Armour
  4951 | D:5      | Identified a scroll of acquirement
  5033 | D:5      | Reached XP level 8. HP: 49/67 MP: 10/10
  5274 | D:5      | Reached **** piety under Lugonu
  5333 | D:6      | Found an iron altar of Okawaru.
  5590 | D:6      | Found a staircase to the Ecumenical Temple.
  5635 | D:6      | Reached skill level 5 in Fighting
  6340 | D:6      | Slain by an orc warrior

Skill      XL: |  1  2  3  4  5  6  7  8 |
---------------+-------------------------+-----
Dodging        | 1 |  1.6
Armour         | 2 3 4 5 |  5.3
Fighting       | 4 5 |  5.0
Axes           | 2 3 4 |  4.9
Invocations    | 3 4 |  4.9

Action                   |  1- 3 |  4- 6 |  7- 9 || total
-------------------------+-------+-------+-------++-------
Melee: Hand axe          |   131 |   188 |       ||   319
       War axe           |       |    31 |   256 ||   287
Throw: Tomahawk          |       |     2 |       ||     2
Invok: Depart the Abyss  |     1 |       |       ||     1
       Banish            |       |       |     3 ||     3
  Use: Scroll            |     1 |     2 |    16 ||    19
       Potion            |       |     1 |       ||     1
  Eat: Chunk             |    20 |    27 |    32 ||    79
Armor: Leather armour    |    45 |    26 |       ||    71
       Scale mail        |       |    16 |    69 ||    85
       Ring mail         |       |     7 |       ||     7
       Chain mail        |       |       |    67 ||    67
       Plate armour      |       |       |    68 ||    68
Dodge: Dodged            |    99 |   110 |   139 ||   348
